 Dungeon Crawl Stone Soup version 0.19.1 (webtiles) character file.

492 RedPan the Insei (level 6, -13/43 HPs)
             Began as a Demonspawn Transmuter on Dec 27, 2016.
             Mangled by an ogre
             ... wielding a +0 giant club
              (24 damage)
             ... on level 4 of the Dungeon.
             The game lasted 00:14:04 (5738 turns).

RedPan the Insei (Demonspawn Transmuter)            Turns: 5738, Time: 00:14:04

Health: -13/43     AC:  4    Str: 12    XL:     6   Next: 91%
Magic:  0/9        EV: 12    Int: 14    God:
Gold:   178        SH:  0    Dex: 14    Spells: 1 memorised, 8 levels left

rFire  . . .     SeeInvis .       - Unarmed
rCold  . . .     Gourm    .     b - +1 robe
rNeg   . . .     Faith    .     (no shield)
rPois  .         Spirit   +     (helmet restricted)
rElec  .         Reflect  .     (no cloak)
rCorr  .         Harm     .     (no gloves)
MR     .....                    j - +0 pair of boots
Stlth  +.........               (no amulet)
                                (no ring)
                                (no ring)

@: no status effects
A: horns 1, magic shield
a: no special abilities


You were on level 4 of the Dungeon.
You were very hungry.

You visited 1 branch of the dungeon, and saw 4 of its levels.

You collected 178 gold pieces.

Inventory:

Missiles
 a - 39 arrows
Armour
 b - a +1 robe (worn)
 j - a +0 pair of boots (worn)
Jewellery
 o - an uncursed ring of magical power {unknown}
Scrolls
 e - 4 scrolls of identify
 f - a scroll of teleportation
 g - a scroll of blinking
 h - 2 scrolls of recharging
 i - 3 scrolls of remove curse
Potions
 l - a potion of flight
Books
 c - a book of Changes

   Spells                             Type                      Level
   a - Beastly Appendage              Transmutation                1
   b - Sticks to Snakes               Transmutation                2
   c - Spider Form                    Transmutation/Poison         3
   d - Ice Form                       Ice/Transmutation            4
   e - Blade Hands                    Transmutation                5
Comestibles
 d - 2 bread rations
 k - 3 meat rations


   Skills:
 - Level 1.0 Fighting
 - Level 1.7 Dodging
 + Level 5.3 Unarmed Combat
 - Level 2.0 Spellcasting
 + Level 5.0 Transmutations


You had 8 spell levels left.
You knew the following spells:

 Your Spells              Type           Power        Failure   Level  Hunger
a - Beastly Appendage     Tmut           ###...       2%          1    ##.....


Dungeon Overview and Level Annotations

Branches:
Dungeon (4/15)
 Temple: D:4-7

Altars:
Ru
The Shining One


Innate Abilities, Weirdness & Mutations

You have a pair of small horns on your head.
When hurt, damage is shared between your health and your magic reserves.


Message History

You barely miss the ogre. You headbutt the ogre.
The ogre is moderately wounded.
You barely miss the ogre. You punch the ogre.
The ogre is moderately wounded.
The ogre hits you with a giant club!!
* * * LOW HITPOINT WARNING * * *
You are too injured to fight recklessly!
You are too injured to fight recklessly!
You are too injured to fight recklessly!
You hit the ogre. Your headbutt misses the ogre.
The ogre is moderately wounded.
The ogre misses you.
You hit the ogre. You headbutt the ogre! You punch the ogre.
The ogre is almost dead.
It was a potion of cure mutation.
It has a very clean taste.
The horns on your head shrink a bit.
Your thinking seems confused.
You feel more energetic. The ogre hits you with a giant club!!
Ouch! That really hurt!
You die...

>.............(.........
........................
..#####..###........####
#..# #.########
#..##.... #..##..##
##### #......# #.<.#
#%.##.## #...# #@.##...
#...# #O.# ## ##'## #..#
#.# #..# #.# #... #.#
#.... ### #.# #.... #..
#.#####..... ### #..
#.##.##... #.# #<.


You could see an ogre.

Vanquished Creatures
  An ice beast (D:3)
  The ghost of HessuHobo the Poker, an amateur DsGl (D:3)
  A scorpion (D:2)
  A crimson imp (D:3)
  A hound (D:4)
  4 gnolls
  5 adders
  A river rat (D:3)
  3 oozes
  4 worms
  4 dart slugs
  3 leopard geckos
  A ball python (D:2)
  7 bats
  7 giant cockroaches
  8 goblins
  7 hobgoblins
  2 jackals (D:3)
  A quokka (D:3)
  5 frilled lizards
  12 kobolds
  10 rats
89 creatures vanquished.

Vanquished Creatures (others)
  A plant (D:3)
1 creature vanquished.

Grand Total: 90 creatures vanquished

Notes
Turn   | Place    | Note
-------+----------+-------------------------------------------
     0 | D:1      | RedPan the Demonspawn Transmuter began the quest for the Orb.
     0 | D:1      | Reached XP level 1. HP: 15/15 MP: 3/3
   270 | D:1      | Gained mutation: When hurt, damage is shared between your health and your magic reserves. [demonic ancestry]
   270 | D:1      | Reached XP level 2. HP: 21/21 MP: 5/5
  1080 | D:1      | Gained mutation: You have a pair of small horns on your head. [demonic ancestry]
  1080 | D:1      | Reached XP level 3. HP: 26/26 MP: 6/6
  1151 | D:2      | Found a glowing golden altar of the Shining One.
  1610 | D:2      | Reached XP level 4. HP: 8/32 MP: 1/7
  2675 | D:2      | Reached XP level 5. HP: 17/37 MP: 2/8
  3057 | D:2      | Found a sacrificial altar of Ru.
  3345 | D:3      | Noticed HessuHobo's ghost (amateur DsGl)
  3362 | D:3      | Killed HessuHobo's ghost
  3787 | D:3      | Noticed an ice beast
  3797 | D:3      | Killed an ice beast
  3797 | D:3      | Reached XP level 6. HP: 15/43 MP: 2/9
  4052 | D:3      | Reached skill level 5 in Unarmed Combat
  5548 | D:3      | Gained mutation: You have a pair of horns on your head. [potion of mutation]
  5548 | D:3      | Gained mutation: You possess an exceptional clarity of mind. [potion of mutation]
  5548 | D:3      | Gained mutation: Your magical capacity is low. (-10% MP) [potion of mutation]
  5628 | D:4      | Reached skill level 5 in Transmutations
  5738 | D:4      | Lost mutation: You have a pair of horns on your head. [potion of cure mutation]
  5738 | D:4      | Lost mutation: You possess an exceptional clarity of mind. [potion of cure mutation]
  5738 | D:4      | Lost mutation: Your magical capacity is low. (-10% MP) [potion of cure mutation]
  5738 | D:4      | Mangled by an ogre

Skill      XL: |  1  2  3  4  5  6 |
---------------+-------------------+-----
Transmutations | 2 3 4 5 |  5.0
Unarmed Combat | 3 4 5 |  5.3
Fighting       | |  1.0
Dodging        | |  1.7
Spellcasting   | |  2.0

Action                   |  1- 3 |  4- 6 || total
-------------------------+-------+-------++-------
Melee: Unarmed           |   139 |   285 ||   424
       Kick              |     5 |    25 ||    30
       Punch             |     1 |     6 ||     7
       Headbutt          |     5 |    55 ||    60
 Cast: Beastly Appendage |     4 |    11 ||    15
  Use: Scroll            |       |     7 ||     7
       Potion            |       |     5 ||     5
 Stab: Sleeping          |       |     1 ||     1
  Eat: Chunk             |     2 |    11 ||    13
       Pizza             |       |     1 ||     1
Armor: Robe              |    38 |    38 ||    76
Dodge: Dodged            |    92 |   150 ||   242
